 Dungeon Crawl Stone Soup version 0.31-a0-981-geadf994542 (webtiles) character file.

Game seed: 7369683363374689267

1946 IdlyInterested the Fighter (level 8, -5/72 HPs)
             Began as a Demonspawn Fighter on Oct 31, 2023.
             Slain by Menkaure (19 damage)
             ... on level 6 of the Dungeon.
             The game lasted 00:16:02 (4800 turns).

IdlyInterested the Fighter (Demonspawn Fighter)     Turns: 4800, Time: 00:16:03

Health: -5/72      AC:  7    Str: 19    XL:     8   Next: 98%
Magic:  8/8        EV: 11    Int:  9    God:
Gold:   222        SH:  5    Dex: 13    Spells: 7/7 levels left

rFire   + . .        h - +2 dagger (venom)
rCold   . . .        b - +0 buckler
rNeg    . . .        D - +0 leather armour {rF+}
rPois   +            (helmet restricted)
rElec   .            (no cloak)
rCorr   .            (no gloves)
SInv    .            (no boots)
Will    .....        (no amulet)
Stlth   ++           s - ring of poison resistance
HPRegen 0.32/turn    t - +4 ring of protection
MPRegen 0.11/turn

%: no passive effects
@: no status effects
A: horns 2, ignite blood 1
a: no special abilities


You were on level 6 of the Dungeon.
You visited 1 branch of the dungeon, and saw 6 of its levels.

You collected 222 gold pieces.

Inventory:

Hand Weapons
 h - a +2 dagger of venom (weapon)
 i - a +0 short sword
 o - a +0 mace
 u - a +0 spear
 v - a +0 hand axe
 y - a +0 long sword
Missiles
 k - 38 stones (quivered)
 r - 2 boomerangs
Armour
 a - a +0 scale mail
 b - a +0 buckler (worn)
 f - a +0 chain mail
 j - a +0 leather armour
 p - the +1 robe "Toluekui" {rPois rCorr}
   (You found it on level 2 of the Dungeon)

   rPois:     It protects you from poison rCorr: It protects you from acid and
   corrosion.
 x - a +0 ring mail
 D - a +0 leather armour of fire resistance (worn)
Magical Staves
 K - a staff of conjuration
Jewellery
 d - a ring of flight
 s - a ring of poison resistance (left hand)
 t - a +4 ring of protection (right hand)
Talismans
 c - a serpent talisman
 E - a blade talisman
Wands
 C - a wand of light (6)
 J - a wand of paralysis (9)
Scrolls
 e - a scroll of amnesia
 g - a scroll of enchant armour {unknown}
 n - a scroll of silence
 q - a scroll of poison
 w - a scroll of brand weapon {unknown}
 B - a scroll of identify {unknown}
 G - a scroll of blinking {unknown}
 H - a scroll of fog {unknown}
Potions
 l - a potion of brilliance
 z - a potion of mutation {unknown}
 A - a potion of cancellation
 F - a potion of lignification {unknown}
 I - a potion of degeneration {unknown}


   Skills:
 * Level 10.1 Fighting
 - Level 2.0 Throwing
 - Level 2.6 Armour
 - Level 2.0 Dodging
 - Level 2.0 Stealth
 + Level 4.1 Shields
 - Level 1.7 Unarmed Combat
 - Level 2.0 Evocations
 - Level 2.0 Shapeshifting


You had 7 spell levels left.
You didn't know any spells.
Your spell library contained the following spells:

 Spells                   Type           Power      Damage    Failure   Level
 Lesser Beckoning         Tloc           0%         N/A       65%         2
 Gell's Gravitas          Tloc           0%         N/A       87%         3
 Teleport Other           Tloc           0%         N/A       87%         3
 Iskenderun's Battlesphe  Conj           0%         2d6       100%        5
 Bombard                  Conj/Erth      0%         9d1       100%        6
 Spellforged Servitor     Conj/Summ      0%         N/A       100%        7


Dungeon Overview and Level Annotations

Branches:
Dungeon (6/15)
 Temple: D:4-7

Altars:

Shops:
D:4 (

Annotations:
D:6 Menkaure


Innate Abilities, Weirdness & Mutations

You have a pair of horns on your head.
Your demonic aura sometimes causes spilled blood to erupt in flames.


Message History

You headbutt Menkaure, but do no damage.
Menkaure is moderately damaged.
Menkaure hits you but does no damage.
You hit Menkaure. You headbutt Menkaure.
Menkaure is heavily damaged.
You block Menkaure's attack.
You hit Menkaure but do no damage.
Menkaure is heavily damaged.
Menkaure gestures at you while chanting.
Pain shoots through your body!
You hit Menkaure.
Menkaure is heavily damaged.
You block Menkaure's attack. x2
You hit Menkaure but do no damage.
Menkaure is heavily damaged.
Menkaure closely misses you.
You hit Menkaure.
Menkaure is heavily damaged.
You block Menkaure's attack.
You closely miss Menkaure.
Menkaure is heavily damaged.
Menkaure calls on the powers of darkness!
Your body is wracked with pain!
You hit Menkaure but do no damage.
Menkaure is heavily damaged.
Menkaure barely misses you. You block Menkaure's attack.
You hit Menkaure.
Menkaure is severely damaged.
Menkaure hits you!!
* * * LOW HITPOINT WARNING * * *
You hit Menkaure but do no damage.
Menkaure is severely damaged.
Menkaure completely misses you.
You hit Menkaure.
Menkaure is almost destroyed.
Menkaure barely misses you.
You hit Menkaure but do no damage.
Menkaure is almost destroyed.
Menkaure hits you!!
You die...

#####.#.....#.#####
..#......##.#...... ##
#.#..........# .. #
#!#.#.)......##### .
..#.#.#.# #.#.#........# .
.....#.###...+........# .
#.......###........# .
#.#.#.....+>...######.
#.#.#@#####...)#####..
#...#M#######.#...##..
#.#.......###)........
#.#>..........#...##..
..#####.......###.#...##..
#.......#.#.### #.######..
#.#####.#.#.# #.######..
#.#.#.# #.#....... #.#.#..
#.#.......


You could see Menkaure (fast).

Vanquished Creatures
  A two-headed ogre (D:6)
  Grinder (D:4)
  A water moccasin (D:5)
  2 ice beasts (D:5)
  2 phantoms
  A centaur (D:6)
  Blork the orc (D:4)
  2 scorpions
  A jelly (D:4)
  An orc priest (D:3)
  3 hounds
  An iguana (D:5)
  2 sleepcaps (D:5)
  Ijyb (D:3)
  2 orc wizards
  Robin (D:4)
  6 adders
  2 worms
  3 dart slugs
  14 orcs
  6 ball pythons
  7 endoplasms
  4 giant cockroaches
  16 goblins
  14 hobgoblins
  3 quokkas
  3 bats
  2 frilled lizards
  5 kobolds
  3 rats
111 creatures vanquished.

Notes
Turn   | Place    | Note
-------+----------+-------------------------------------------
     0 | D:1      | IdlyInterested the Demonspawn Fighter began the quest for
                  | the Orb.
     0 | D:1      | Reached XP level 1. HP: 18/18 MP: 1/1
   187 | D:1      | Reached skill level 1 in Dodging
   203 | D:1      | Gained mutation: You have a pair of small horns on your
                  | head. [demonic ancestry]
   203 | D:1      | Reached XP level 2. HP: 17/24 MP: 2/2
   825 | D:2      | Reached skill level 1 in Stealth
  1068 | D:2      | Reached skill level 1 in Throwing
  1068 | D:2      | Gained mutation: Your demonic aura sometimes causes spilled
                  | blood to erupt in flames. [demonic ancestry]
  1068 | D:2      | Reached XP level 3. HP: 29/29 MP: 3/3
  1108 | D:2      | Identified the +1 robe "Toluekui" {rPois rCorr}
  1803 | D:3      | Reached XP level 4. HP: 31/37 MP: 4/4
  1825 | D:2      | Reached skill level 4 in Fighting
  2023 | D:3      | Noticed Ijyb
  2031 | D:3      | Killed Ijyb
  2088 | D:3      | Reached XP level 5. HP: 42/42 MP: 5/5
  2561 | D:4      | Noticed Grinder
  2568 | D:4      | Reached skill level 1 in Evocations
  2584 | D:4      | Noticed Robin
  2592 | D:4      | Killed Grinder
  2593 | D:4      | Reached skill level 5 in Fighting
  2593 | D:4      | Reached skill level 1 in Shapeshifting
  2593 | D:4      | Gained mutation: You have a pair of horns on your head.
                  | [demonic ancestry]
  2593 | D:4      | Reached XP level 6. HP: 16/52 MP: 6/6
  2600 | D:3      | Reached skill level 6 in Fighting
  2740 | D:4      | Killed Robin
  2979 | D:4      | Noticed Blork the orc
  2984 | D:4      | Killed Blork the orc
  2985 | D:4      | Reached XP level 7. HP: 59/59 MP: 7/7
  3181 | D:4      | Found Rusm's Antique Weapon Emporium.
  3518 | D:5      | Entered Level 5 of the Dungeon
  3531 | D:5      | Reached skill level 7 in Fighting
  3886 | D:5      | Reached skill level 8 in Fighting
  3886 | D:5      | Reached XP level 8. HP: 52/68 MP: 8/8
  4536 | D:6      | Noticed a two-headed ogre
  4545 | D:6      | Killed a two-headed ogre
  4546 | D:6      | Reached skill level 10 in Fighting
  4779 | D:6      | Noticed Menkaure
  4800 | D:6      | Slain by Menkaure

Illustrated notes

Levels and vault maps discovered:
D:1:      giann_forest_graveyard, layout_rooms, kennysheep_minor_cross
D:2:      layout_loops_ring
D:3:      cheibrodos_pilgrimage, layout_rooms, uniq_ijyb
D:4:      layout_rooms, serial_shops, shop, uniq_grinder, uniq_robin,
          uniq_blork_the_orc
D:5:      layout_basic
D:6:      layout_basic, kennysheep_mini, uniq_menkaure

Skill      XL: |  1  2  3  4  5  6  7  8 |
---------------+-------------------------+-----
Dodging        | 1 2 |  2.0
Stealth        | 1 2 |  2.0
Throwing       | 1 2 |  2.0
Shields        | 3 4 |  4.1
Fighting       | 4 5 6 8 10 | 10.1
Evocations     | 1 2 |  2.0
Shapeshifting  | 1 2 |  2.0
Armour         | |  2.6
Unarmed Combat | |  1.7

Action                     |  1- 3 |  4- 6 |  7- 9 || total
---------------------------+-------+-------+-------++-------
  Melee: Unarmed           |   189 |     6 |       ||   195
         Headbutt          |    26 |    20 |    36 ||    82
         Dagger            |       |   111 |   141 ||   252
  Throw: Stone             |       |     1 |     7 ||     8
         Boomerang         |       |     3 |     3 ||     6
  Evoke: Wand              |       |       |     1 ||     1
    Use: Scroll            |     1 |     1 |     2 ||     4
         Potion            |       |     2 |     1 ||     3
   Stab: Sleeping          |     1 |       |     2 ||     3
         Distracted        |       |     1 |       ||     1
         Invisible         |       |       |     1 ||     1
 Armour: Chain mail        |    71 |       |       ||    71
         Robe              |    45 |    39 |       ||    84
         Leather armour    |       |    48 |    74 ||   122
  Dodge: Dodged            |    53 |    46 |    55 ||   154
  Block: Buckler           |    43 |    22 |    30 ||    95

Table legend: (Time is in decaauts)
 A = Elapsed time spent in this place.
 B = Non-inter-level travel time spent in this place.
 C = Inter-level travel time spent in this place.
 D = Time resting spent in this place.
 E = Time spent auto-exploring this place.
 F = Levels seen in this place.
 G = Mean time per level.
                   A        B        C        D        E       F      G
               +--------+--------+--------+--------+--------+-----+--------+
         Total |   4817 |   4320 |    497 |   1108 |   1955 |   6 |  802.8 |
       Dungeon |   4817 |   4320 |    497 |   1108 |   1955 |   6 |  802.8 |
               +--------+--------+--------+--------+--------+-----+--------+

Top non-repeatable levels by time:
     D:2: 1100 daAuts
     D:5: 869 daAuts
     D:4: 845 daAuts
     D:3: 818 daAuts
     D:1: 811 daAuts
     D:6: 372 daAuts
